 Dungeon Crawl Stone Soup version 0.27-a0-1144-g0b7d3b79db (webtiles) character file.

Game seed: 3391635567754408846

18 sanka the Ducker (level 2, -5/25 HPs)
             Began as a Djinni Monk on May 10, 2021.
             Slain by Natasha (8 damage)
             ... on level 2 of the Dungeon.
             The game lasted 00:01:37 (1056 turns).

sanka the Ducker (Djinni Monk)                      Turns: 1056, Time: 00:01:37

Health: -5/25      AC:  2    Str: 10    XL:     2   Next: 70%
Gold:   34         EV: 13    Int: 11    God:
                   SH:  0    Dex: 15

rFire    + + .     SeeInvis .   a - +0 falchion
rCold    x . .     Faith    .   (no shield)
rNeg     . . .     Spirit   .   b - +0 robe
rPois    ∞         Reflect  .   (no helmet)
rElec    .         Harm     .   (no cloak)
rCorr    .         Rampage  .   (no gloves)
Will     .....                  (boots unavailable)
Stlth    ++........             (no amulet)
HPRegen  0.08/turn              (no ring)
MPRegen  0.00/turn              (no ring)

@: flying, slowed, very slow
A: sickness immunity, fire resistance 2, cold vulnerability 1, float, innate
caster, hp casting, extra vitality 1
a: no special abilities


You were on level 2 of the Dungeon.
You visited 1 branch of the dungeon, and saw 2 of its levels.

You collected 34 gold pieces.


Innate Abilities, Weirdness & Mutations

You are immune to sickness and miasma.
You are immune to poison.
Your flesh is very heat resistant. (rF++)
You are vulnerable to cold. (rC-)
You float through the air rather than walking.
You learn spells naturally, not from books.
Your magical power is your life essence.
You have superior vitality. (+4 HP)


   Skills:
 + Level 3.2 Fighting
 + Level 2.9 Long Blades
 + Level 3.5 Dodging
 - Level 1.5 Stealth
 + Level 0.7 Spellcasting


You had 2 spell levels left.
You didn't know any spells.
Your spell library was empty.

Inventory:

Hand Weapons
 a - a +0 falchion (weapon)
Armour
 b - a +0 robe (worn)
Scrolls
 d - a scroll of acquirement {unknown}
 g - a scroll of enchant weapon {unknown}
 h - a scroll of silence {unknown}
Potions
 c - 3 potions of degeneration {unknown}
 e - a potion of haste {unknown}
 f - a potion of berserk rage {unknown}

Dungeon Overview and Level Annotations

Branches:
Dungeon (2/15)

Altars:

Shops:
D:1 ([*([   D:2 *

Annotations:
D:2 Natasha

▒▒▒..▒.▒...........▒▒▒▒▒
....▒▒.▒▒▒▒▒▒...........
▒.▒▒▒
▒.▒▒▒▒▒..▒▒5▒...... .
▒▒.▒▒.5..▒▒▒.▒▒▒▒▒▒.
▒▒...>.▒▒▒▒ ▒.▒
▒▒▒...▒▒▒▒▒ ▒▒▒5▒
▒.........▒ ▒.5.▒
▒...........▒▒▒{▒▒▒▒▒▒▒
▒.▒......(...)R........
.. ▒.........▒▒▒.▒▒▒▒▒▒▒
▒ ▒........∩....▒
▒..........▒▒▒▒
▒▒▒▒▒▒▒▒▒..▒ ..▒


You could see a crimson imp (summoned) and a shadow imp (summoned).


Message History

Found a scroll labelled HEYMNE XOHOA.
f - an orange potion
g - a scroll labelled ADIDER YKYTZ
h - a scroll labelled HEYMNE XOHOA Natasha, Servant of Life and Death comes into view.
Found Fec Sean's Assorted Antiques.
Natasha is nearby!
Natasha hisses angrily.
Natasha wildly gestures.
Natasha shimmers violently.
Natasha drinks a potion.
Natasha flickers and vanishes!
Deactivating autopickup; reactivate with Ctrl-A.
You feel yourself slow down.
There is a stone staircase leading down here.
You feel as though you will be slow longer.
The crimson imp hits you. The crimson imp barely misses you.
The crimson imp blinks!
Something claws you. Something claws you. Something claws you!
* * * LOW HITPOINT WARNING * * *
You hear some strange, mumbled words.
A magic dart appears from out of thin air!
The magic dart hits you!
* * * LOW HITPOINT WARNING * * *
There is a stone staircase leading up here.
Something claws you!
You die...

Action                   || total
-------------------------++-------
Melee: Falchion          ||    46
 Stab: Sleeping          ||     2
Armor: Robe              ||    10
Dodge: Dodged            ||    31
       Rpst.: Falchion   ||    11

Levels and vault maps discovered:
D:1:      sevenhm_arrival_forest_fort_large_4, layout_loops_ring,
          ebering_ecumenical_altar_webs, serial_shops,
          nicolae_shop_temple_entry_statues_fountains, nicolae_shop_stone, shop,
          shop, shop
D:2:      layout_rooms, serial_shops, shop, uniq_natasha

Notes
Turn   | Place    | Note
-------+----------+-------------------------------------------
     0 | D:1      | sanka the Djinni Monk began the quest for the Orb.
     0 | D:1      | Reached XP level 1. HP: 20/20 MP: 0/0
   113 | D:1      | Found Lair Huqile's Antique Armour Shop.
   228 | D:1      | Found Okidoiw's Weapon Shoppe.
   331 | D:1      | Reached XP level 2. HP: 25/25 MP: 0/0
   458 | D:1      | Found Neul's Antique Weapon Boutique.
   489 | D:1      | Found Ahisuber's Assorted Antiques.
   504 | D:1      | Found a faded altar of an unknown god.
   860 | D:1      | Found Kiciell's Antique Armour Boutique.
  1036 | D:2      | Found Fec Sean's Assorted Antiques.
  1036 | D:2      | Noticed Natasha
  1044 | D:2      | Noticed a crimson imp
  1056 | D:2      | Slain by Natasha

Vanquished Creatures
  2 endoplasms
  2 giant cockroaches (D:1)
  3 goblins
  A hobgoblin (D:1)
  2 quokkas (D:1)
  A ball python (D:1)
  3 bats (D:1)
  A frilled lizard (D:1)
15 creatures vanquished.
